 Dungeon Crawl Stone Soup version 0.31-a0-37-g98a128e1d9 (webtiles) character file.

Game seed: 1354086136537528787

39 Elsrick the Gusty (level 3, -1/19 HPs)
             Began as a Deep Elf Air Elementalist on May 15, 2023.
             Was a Believer of Qazlal.
             Slain by a cerulean imp
             ... wielding a +1 spear
             ... summoned by Natasha
              (5 damage)
             ... on level 2 of the Dungeon.
             The game lasted 00:09:04 (1316 turns).

Elsrick the Gusty (Deep Elf Air Elementalist)       Turns: 1316, Time: 00:09:05

Health: -1/19      AC:  4    Str:  5    XL:     3   Next: 28%
Magic:  6/9        EV: 13    Int: 21    God:    Qazlal [**....]
Gold:   146        SH:  2    Dex: 15    Spells: 4/8 levels left

rFire   . . .        h - +0 short sword
rCold   . . .        (no shield)
rNeg    . . .        a - +0 robe
rPois   .            d - +1 hat
rElec   .            (no cloak)
rCorr   .            g - +0 pair of gloves
SInv    .            (no boots)
Will    .....        (no amulet)
Stlth   ++           (no ring)
HPRegen 0.23/turn    (no ring)
MPRegen 0.11/turn

%: no passive effects
@: no status effects
A: no striking features
a: Renounce Religion, Upheaval


You were on level 2 of the Dungeon.
You worshipped Qazlal.
Qazlal was pleased with you.
You visited 1 branch of the dungeon, and saw 2 of its levels.

You collected 146 gold pieces.

Inventory:

Hand Weapons
 h - a +0 short sword (weapon)
Armour
 a - a +0 robe (worn)
 d - a +1 hat (worn)
 g - a +0 pair of gloves (worn)
Jewellery
 j - a ring of protection from cold
Scrolls
 c - a scroll of brand weapon {unknown}
 i - 2 scrolls of identify {unknown}
Potions
 b - a potion of magic
 e - a potion of curing {unknown}
 f - a potion of ambrosia {unknown}


   Skills:
 * Level 0.3 Short Blades
 + Level 2.8 Dodging
 - Level 2.6 Stealth
 + Level 3.2 Spellcasting
 + Level 1.4 Conjurations
 + Level 3.8 Air Magic


You had 4 spell levels left.
You knew the following spells:

 Your Spells              Type           Power      Damage    Failure   Level
a - Shock                 Conj/Air       56%        1d6       4%          1
b - Static Discharge      Conj/Air       28%        2-4/arc   7%          2
c - Necrotise             Necr           12%        1d4       13%         1

Your spell library contained the following spells:

 Spells                   Type           Power      Damage    Failure   Level
 Swiftness                Air            19%        N/A       9%          3
 Apportation              Tloc           6%         N/A       13%         1
 Summon Small Mammal      Summ           12%        N/A       13%         1
 Airstrike                Air            9%         2d(2-18)  26%         4


Dungeon Overview and Level Annotations

Branches:
Dungeon (2/15)

Altars:
Qazlal

Annotations:
D:2 Natasha


Message History

Confirm with . or Enter, or press ? or * to list all spells.
Aiming: Shock (safe; 4% risk of failure)
Press: ? - help, Shift-Dir - straight line, f/p - Natasha
Aim: Natasha (moderately wounded, 64% to hit)
The zap hits Natasha.
Natasha is moderately wounded.
Natasha barely misses you.
Casting: Shock (safe; 4% risk of failure)
Confirm with . or Enter, or press ? or * to list all spells.
Aiming: Shock (safe; 4% risk of failure)
Press: ? - help, Shift-Dir - straight line, f/p - Natasha
Aim: Natasha (moderately wounded, 64% to hit)
The zap hits Natasha.
Natasha is moderately wounded.
The zap misses the cerulean imp.
Natasha claws you.
The cerulean imp hits you from afar with a +1 spear.
You block Natasha's attack. The cerulean imp closely misses you.
The cerulean imp misses you. Natasha claws you but does no damage.
Natasha mumbles some strange words.
The cerulean imp misses you.
You see here a ring of protection from cold.
j - a ring of protection from cold Natasha attacks as you move away!
Natasha misses you.
The cerulean imp hits you from afar with a +1 spear.
Natasha claws you! Natasha attacks as you move away! Natasha barely misses you.
Natasha stares at you and mumbles some strange words.
The magic dart hits you.
* * * LOW HITPOINT WARNING * * *
Natasha growls.
Natasha mumbles some strange words.
The cerulean imp hits you from afar with a +1 spear.
* * * LOW HITPOINT WARNING * * *
A rat comes into view.
The cerulean imp completely misses you. The cerulean imp barely misses you.
The rat attacks as you move away! The rat misses you.
There is a stone staircase leading up here.
The cerulean imp barely misses you.
The cerulean imp hits you from afar with a +1 spear.
You die...

#.......###
#.[....<.. .#
#.......# ..#
#+#######......##....
....##.........##....
...................>.
.....#.##............
.....#.####...5###.#
.....#.# ##.h5r@#.#
.# .# .....#.#
#.#####.##.#♣.♣
.....#..
#.............#
.....###
#.#####.#.#.♣.♣
.....#
#...#...#.#.#...#
.....#
###.#.#.#.....♣.♣
.......
..#.#.....#...#
#######
###.........♣.♣
########....#


You could see Natasha, 2 cerulean imps and a rat.

Vanquished Creatures
  3 dart slugs
  2 bats (D:1)
  2 endoplasms (D:1)
  4 goblins
  3 hobgoblins
  5 jackals (D:1)
  2 quokkas (D:1)
  3 ball pythons
  A frilled lizard (D:1)
  A kobold (D:2)
  3 rats (D:2)
29 creatures vanquished.

Notes
Turn   | Place    | Note
-------+----------+-------------------------------------------
     0 | D:1      | Elsrick the Deep Elf Air Elementalist began the quest for
                  | the Orb.
     0 | D:1      | Reached XP level 1. HP: 10/10 MP: 6/6
    93 | D:1      | Found a faded altar of an unknown god.
   129 | D:1      | Prayed at the altar of an unknown god.
   129 | D:1      | Became a worshipper of Qazlal Stormbringer
   129 | D:1      | Reached * piety under Qazlal
   232 | D:1      | Reached XP level 2. HP: 15/15 MP: 5/8
   238 | D:1      | Learned a level 2 spell: Static Discharge
   934 | D:2      | Reached XP level 3. HP: 15/19 MP: 5/9
  1109 | D:2      | Reached ** piety under Qazlal
  1254 | D:2      | Learned a level 1 spell: Necrotise
  1292 | D:2      | Noticed Natasha
  1316 | D:2      | Slain by a cerulean imp

Illustrated notes

Levels and vault maps discovered:
D:1:      dpeg_arrival_round_a, layout_basic, dreamdust_ecumenical_altar_grove
D:2:      kb_forest_paths, layout_basic, serial_forest,
          infiniplex_forest_lined_2, infiniplex_forest_lined_2,
          infiniplex_forest_end_2, infiniplex_forest_zigzag_1,
          infiniplex_forest_clump_double, infiniplex_forest_end_2, uniq_natasha

Action                     || total
---------------------------++-------
  Melee: Unarmed           ||    19
         Dagger            ||     4
         Short sword       ||     3
   Cast: Shock             ||    52
         Static Discharge  ||     3
         Necrotise         ||     1
 Armour: Robe              ||    43
  Dodge: Dodged            ||    86
  Block: Other             ||     6

Table legend: (Time is in decaauts)
 A = Elapsed time spent in this place.
 B = Non-inter-level travel time spent in this place.
 C = Inter-level travel time spent in this place.
 D = Time resting spent in this place.
 E = Time spent auto-exploring this place.
 F = Levels seen in this place.
 G = Mean time per level.
                   A        B        C        D        E       F      G
               +--------+--------+--------+--------+--------+-----+--------+
         Total |   1314 |   1309 |      5 |    375 |    486 |   2 |  657.0 |
       Dungeon |   1314 |   1309 |      5 |    375 |    486 |   2 |  657.0 |
               +--------+--------+--------+--------+--------+-----+--------+

Top non-repeatable levels by time:
     D:1: 913 daAuts
     D:2: 401 daAuts
